| TOP OF THE 1ST |
|
Cleveland Spiders batting - Pitching for Florida Marlins : RHP Kevin Appier
|
|
Pitching: RHP Kevin Appier
|
|
|
Batting: LHB Darryl Strawberry
|
0-0: Ball 1-0: Ball 2-0: Ball 3-0: Base on Balls
|
|
Batting: SHB Tomas Perez
|
0-0: Ground out 4-3 (Groundball, 34D, EV 100.0 MPH) Darryl Strawberry to second
|
|
Batting: RHB Kevin Mitchell
|
0-0: SINGLE (Groundball, 34D, EV 100.6 MPH) Darryl Strawberry to third Runner from 3rd tries for Home, SAFE, throw by RF to home Kevin Mitchell to second
|
|
Batting: SHB Todd Hundley
|
0-0: Ball 1-0: Called Strike 1-1: Called Strike 1-2: Ball 2-2: Ball 3-2: Strikes out swinging
|
|
Batting: LHB Raul Ibanez
|
0-0: Called Strike 0-1: Ball 1-1: Swinging Strike 1-2: Foul Ball, location: 2F 1-2: Ball 2-2: Foul Ball, location: 2F 2-2: Strikes out swinging
|
| Top of the 1st over - 1 run, 1 hit, 0 errors, 1 left on base; Cleveland 1 - Florida 0 |
| BOTTOM OF THE 1ST |
|
Florida Marlins batting - Pitching for Cleveland Spiders : RHP John Thomson
|
|
Pitching: RHP John Thomson
|
|
|
Batting: LHB Craig Counsell
|
0-0: Called Strike 0-1: Ball 1-1: Swinging Strike 1-2: SINGLE (Groundball, 4MD, EV 98.8 MPH)
|
|
Batting: RHB Charles Johnson
|
0-0: Foul Ball, location: 2F 0-1: Grounds into double play, 6-4-3 (Groundball, 6, EV 91.3 MPH)
|
|
Batting: RHB Richie Sexson
|
0-0: Foul Ball, location: 2F 0-1: Ball 1-1: Ball 2-1: Ball 3-1: Ground out 1-3 (Groundball, 13S, EV 72.5 MPH)
|
| Bottom of the 1st over - 0 runs, 1 hit, 0 errors, 0 left on base; Cleveland 1 - Florida 0 |
| TOP OF THE 2ND |
|
Cleveland Spiders batting - Pitching for Florida Marlins : RHP Kevin Appier
|
|
Batting: SHB Howard Johnson
|
0-0: Fly out, F8 (Line Drive, 8LD, EV 104.4 MPH)
|
|
Batting: RHB Bernard Gilkey
|
0-0: Called Strike 0-1: Called Strike 0-2: Ball 1-2: Foul Ball, location: 2F 1-2: Fly out, F8 (Flyball, 8RD, EV 96.9 MPH)
|
|
Batting: RHB Marquis Grissom
|
0-0: Ball 1-0: Ground out 1-3 (Groundball, 13, EV 87.5 MPH)
|
| Top of the 2nd over - 0 runs, 0 hits, 0 errors, 0 left on base; Cleveland 1 - Florida 0 |
| BOTTOM OF THE 2ND |
|
Florida Marlins batting - Pitching for Cleveland Spiders : RHP John Thomson
|
|
Batting: RHB Juan Encarnacion
|
0-0: Called Strike 0-1: DOUBLE (Flyball, 89D, EV 105.6 MPH)
|
|
Batting: RHB Rondell White
|
0-0: Ball 1-0: Foul Ball, location: 2F 1-1: Fly out, F8 (Line Drive, 8RM, EV 91.3 MPH)
|
|
Batting: SHB Bobby Bonilla
|
0-0: Ground out 6-3 (Groundball, 6, EV 98.8 MPH)
|
|
Batting: RHB Edgardo Alfonzo
|
0-0: Ball 1-0: Fly out, F8 (Flyball, 8RM, EV 90.0 MPH)
|
| Bottom of the 2nd over - 0 runs, 1 hit, 0 errors, 1 left on base; Cleveland 1 - Florida 0 |
| TOP OF THE 3RD |
|
Cleveland Spiders batting - Pitching for Florida Marlins : RHP Kevin Appier
|
|
Batting: RHB Billy Ripken
|
0-0: Ball 1-0: Ground out 5-3 (Groundball, 5, EV 98.1 MPH)
|
|
Batting: LHB Darryl Strawberry
|
0-0: Ball 1-0: Foul Ball, location: 2F 1-1: Ball 2-1: Swinging Strike 2-2: Ball 3-2: Strikes out swinging
|
|
Batting: SHB Tomas Perez
|
0-0: Foul Ball, location: 2F 0-1: Ball 1-1: DOUBLE (Line Drive, 7LD, EV 106.3 MPH)
|
|
Batting: RHB Kevin Mitchell
|
0-0: Called Strike 0-1: Called Strike 0-2: Ball 1-2: Ball 2-2: Foul Ball, location: 2F 2-2: Strikes out looking
|
| Top of the 3rd over - 0 runs, 1 hit, 0 errors, 1 left on base; Cleveland 1 - Florida 0 |
| BOTTOM OF THE 3RD |
|
Florida Marlins batting - Pitching for Cleveland Spiders : RHP John Thomson
|
|
Batting: RHB Tony Barron
|
0-0: Foul Ball, location: 2F 0-1: Foul Ball, location: 2F 0-2: Fly out, F7 (Flyball, 7LD, EV 95.0 MPH)
|
|
Batting: SHB Luis Castillo
|
0-0: Ground out U3 (Groundball, 34, EV 102.5 MPH)
|
|
Batting: LHB Craig Counsell
|
0-0: Called Strike 0-1: Ball 1-1: Ball 2-1: Fly out, F9 (Flyball, 9S, EV 88.1 MPH)
|
| Bottom of the 3rd over - 0 runs, 0 hits, 0 errors, 0 left on base; Cleveland 1 - Florida 0 |
| TOP OF THE 4TH |
|
Cleveland Spiders batting - Pitching for Florida Marlins : RHP Kevin Appier
|
|
Batting: SHB Todd Hundley
|
0-0: Ball 1-0: Ground out 4-3 (Groundball, 34D, EV 106.9 MPH)
|
|
Batting: LHB Raul Ibanez
|
0-0: Fly out, F8 (Flyball, 8RM, EV 91.9 MPH)
|
|
Batting: SHB Howard Johnson
|
0-0: Fly out, F5 (Popup, 5SF, EV 71.3 MPH)
|
| Top of the 4th over - 0 runs, 0 hits, 0 errors, 0 left on base; Cleveland 1 - Florida 0 |
| BOTTOM OF THE 4TH |
|
Florida Marlins batting - Pitching for Cleveland Spiders : RHP John Thomson
|
|
Batting: RHB Charles Johnson
|
0-0: SOLO HOME RUN (Flyball, 7LD, EV 100.6 MPH), Distance : 354 ft
|
|
Batting: RHB Richie Sexson
|
0-0: Fly out, F7 (Flyball, 7, EV 85.6 MPH)
|
|
Batting: RHB Juan Encarnacion
|
0-0: Called Strike 0-1: Fly out, F8 (Flyball, 8RM, EV 87.5 MPH)
|
|
Batting: RHB Rondell White
|
0-0: Swinging Strike 0-1: Ball 1-1: Ball 2-1: Ball 3-1: Fly out, F4 (Popup, 34, EV 57.5 MPH)
|
| Bottom of the 4th over - 1 run, 1 hit, 0 errors, 0 left on base; Cleveland 1 - Florida 1 |
| TOP OF THE 5TH |
|
Cleveland Spiders batting - Pitching for Florida Marlins : RHP Kevin Appier
|
|
Batting: RHB Bernard Gilkey
|
0-0: Ground out 4-3 (Groundball, 4, EV 94.4 MPH)
|
|
Batting: RHB Marquis Grissom
|
0-0: Called Strike 0-1: SINGLE (Groundball, 25, EV 73.8 MPH) (infield hit)
|
|
Batting: RHB Billy Ripken
|
0-0: Ball 1-0: Foul Ball, location: 2F 1-1: Ball 2-1: Fly out, F8 (Flyball, 8LS, EV 80.0 MPH)
|
|
Batting: LHB Darryl Strawberry
|
0-0: Ball Marquis Grissom steals 2nd base 1-0: Ball 2-0: Ball 3-0: Base on Balls
|
|
Batting: SHB Tomas Perez
|
0-0: Fly out, F2 (Popup, 5SF, EV 80.6 MPH)
|
| Top of the 5th over - 0 runs, 1 hit, 0 errors, 2 left on base; Cleveland 1 - Florida 1 |
| BOTTOM OF THE 5TH |
|
Florida Marlins batting - Pitching for Cleveland Spiders : RHP John Thomson
|
|
Batting: SHB Bobby Bonilla
|
0-0: Ball 1-0: Foul Ball, location: 2F 1-1: Ball 2-1: SOLO HOME RUN (Flyball, 89XD, EV 97.5 MPH), Distance : 418 ft
|
|
Batting: RHB Edgardo Alfonzo
|
0-0: Called Strike 0-1: Swinging Strike 0-2: Ball 1-2: Strikes out looking
|
|
Batting: RHB Tony Barron
|
0-0: Ball 1-0: Called Strike 1-1: Ball 2-1: DOUBLE (Flyball, 8RXD, EV 108.1 MPH)
|
|
Batting: SHB Luis Castillo
|
0-0: Ball 1-0: Called Strike 1-1: Ball 2-1: Called Strike 2-2: SINGLE (Groundball, 6M, EV 105.6 MPH) Tony Barron to third
|
|
Batting: LHB Craig Counsell
|
0-0: Ball Luis Castillo steals 2nd base 1-0: Foul Ball, location: 2F 1-1: Called Strike 1-2: Fly out, F8 (Flyball, 8LS, EV 94.4 MPH)
|
|
Batting: RHB Charles Johnson
|
0-0: Ball 1-0: Swinging Strike 1-1: Ball 2-1: Fly out, F8 (Line Drive, 8RM, EV 105.0 MPH)
|
| Bottom of the 5th over - 1 run, 3 hits, 0 errors, 2 left on base; Cleveland 1 - Florida 2 |
| TOP OF THE 6TH |
|
Cleveland Spiders batting - Pitching for Florida Marlins : RHP Kevin Appier
|
|
Batting: RHB Kevin Mitchell
|
0-0: Swinging Strike 0-1: Foul Ball, location: 2F 0-2: Ball 1-2: Fly out, F5 (Popup, 5F, EV 66.9 MPH)
|
|
Batting: SHB Todd Hundley
|
0-0: Called Strike 0-1: Ball 1-1: Called Strike 1-2: Foul Ball, location: 2F 1-2: Ball 2-2: Ball 3-2: Base on Balls
|
|
Batting: LHB Raul Ibanez
|
0-0: Called Strike 0-1: Ball 1-1: Ball 2-1: Ball 3-1: Foul Ball, location: 2F 3-2: Strikes out swinging
|
|
Batting: SHB Howard Johnson
|
0-0: Ball 1-0: Ball 2-0: Foul Ball, location: 2F 2-1: Fly out, F9 (Flyball, 9S, EV 85.6 MPH)
|
| Top of the 6th over - 0 runs, 0 hits, 0 errors, 1 left on base; Cleveland 1 - Florida 2 |
| BOTTOM OF THE 6TH |
|
Florida Marlins batting - Pitching for Cleveland Spiders : RHP John Thomson
|
|
Batting: RHB Richie Sexson
|
0-0: Called Strike 0-1: Foul Ball, location: 2F 0-2: Strikes out swinging
|
|
Batting: RHB Juan Encarnacion
|
0-0: Ball 1-0: Ground out 1-3 (Groundball, 15S, EV 61.9 MPH)
|
|
Batting: RHB Rondell White
|
0-0: Foul Ball, location: 2F 0-1: Ground out 6-3 (Groundball, 6, EV 94.4 MPH)
|
| Bottom of the 6th over - 0 runs, 0 hits, 0 errors, 0 left on base; Cleveland 1 - Florida 2 |
| TOP OF THE 7TH |
|
Cleveland Spiders batting - Pitching for Florida Marlins : RHP Kevin Appier
|
|
Batting: RHB Bernard Gilkey
|
0-0: Ball 1-0: Ball 2-0: Ball 3-0: Called Strike 3-1: Fly out, F9 (Flyball, 9LMF, EV 105.0 MPH)
|
|
Batting: RHB Marquis Grissom
|
0-0: SINGLE (Line Drive, 4M, EV 103.8 MPH)
|
|
Batting: RHB Billy Ripken
|
0-0: Ball 1-0: Ground out 3-1 (Groundball, 3, EV 101.3 MPH) Marquis Grissom to second
|
|
Batting: LHB Darryl Strawberry
|
0-0: Swinging Strike 0-1: Called Strike 0-2: Ball 1-2: Strikes out swinging
|
| Top of the 7th over - 0 runs, 1 hit, 0 errors, 1 left on base; Cleveland 1 - Florida 2 |
| BOTTOM OF THE 7TH |
|
Florida Marlins batting - Pitching for Cleveland Spiders : RHP John Thomson
|
|
Batting: SHB Bobby Bonilla
|
0-0: Ball 1-0: Foul Ball, location: 2F 1-1: Ball 2-1: Ball 3-1: Base on Balls
|
|
Batting: RHB Edgardo Alfonzo
|
0-0: Bunted foul 0-1: Bunt missed! 0-2: Strikes out swinging
|
|
Batting: RHB Tony Barron
|
0-0: SINGLE (Groundball, 34D, EV 97.5 MPH) Bobby Bonilla to second Runner from 2nd tries for 3rd, SAFE, throw by RF made to third
|
|
Batting: SHB Luis Castillo
|
0-0: Called Strike 0-1: Ground out 4-3 (Groundball, 4, EV 105.6 MPH) Bobby Bonilla scores Tony Barron to second
|
|
Batting: LHB Craig Counsell
|
0-0: Called Strike 0-1: Ground out 4-3 (Groundball, 4, EV 99.4 MPH)
|
| Bottom of the 7th over - 1 run, 1 hit, 0 errors, 1 left on base; Cleveland 1 - Florida 3 |
| TOP OF THE 8TH |
|
Cleveland Spiders batting - Pitching for Florida Marlins : RHP Kevin Appier
|
|
Batting: SHB Tomas Perez
|
0-0: Foul Ball, location: 2F 0-1: Ground out 4-3 (Groundball, 4, EV 86.3 MPH)
|
|
Batting: RHB Kevin Mitchell
|
0-0: Ball 1-0: Called Strike 1-1: Foul Ball, location: 2F 1-2: Foul Ball, location: 2F 1-2: SINGLE (Line Drive, 78M, EV 85.6 MPH)
|
|
Batting: SHB Todd Hundley
|
0-0: Ground out U3 (Groundball, 3S, EV 61.9 MPH) Kevin Mitchell to second
|
|
Batting: LHB Raul Ibanez
|
0-0: Ball 1-0: Called Strike 1-1: Called Strike 1-2: Ball 2-2: Ball 3-2: Strikes out swinging
|
| Top of the 8th over - 0 runs, 1 hit, 0 errors, 1 left on base; Cleveland 1 - Florida 3 |
| BOTTOM OF THE 8TH |
|
Florida Marlins batting - Pitching for Cleveland Spiders : RHP John Thomson
|
|
Batting: RHB Charles Johnson
|
0-0: Fly out, F7 (Flyball, 7, EV 90.6 MPH)
|
|
Batting: RHB Richie Sexson
|
0-0: Ball 1-0: Ball 2-0: Called Strike 2-1: Ball 3-1: Base on Balls
|
|
Batting: RHB Juan Encarnacion
|
0-0: Called Strike 0-1: Ball 1-1: SINGLE (Flyball, 89S, EV 85.6 MPH) Richie Sexson to second Runner from 2nd tries for 3rd, OUT! 8-5
|
|
Batting: RHB Rondell White
|
0-0: Called Strike 0-1: Ball Juan Encarnacion is caught stealing 2nd base 2-4
|
| Bottom of the 8th over - 0 runs, 1 hit, 0 errors, 0 left on base; Cleveland 1 - Florida 3 |
| TOP OF THE 9TH |
|
Cleveland Spiders batting - Pitching for Florida Marlins : RHP Kevin Appier
|
|
Pitching: RHP Bryan Harvey
|
|
|
Batting: SHB Howard Johnson
|
0-0: Called Strike 0-1: Ball 1-1: Ball 2-1: Called Strike 2-2: Ball 3-2: Foul Ball, location: 2F 3-2: Base on Balls
|
|
Batting: RHB Bernard Gilkey
|
0-0: Foul Ball, location: 2F 0-1: Called Strike 0-2: Ball 1-2: Foul Ball, location: 2F 1-2: Strikes out swinging
|
|
Batting: RHB Marquis Grissom
|
0-0: Ball 1-0: Ball 2-0: Called Strike 2-1: Foul Ball, location: 2F 2-2: Ball 3-2: Foul Ball, location: 2F 3-2: Strikes out looking Howard Johnson steals 2nd, throwing error, E2 Howard Johnson to third
|
|
Pinch Hitting: LHB Garret Anderson
|
0-0: Foul Ball, location: 2F 0-1: Fly out, F6 (Popup, 6MD, EV 47.5 MPH)
|
| Top of the 9th over - 0 runs, 0 hits, 1 error, 1 left on base; Cleveland 1 - Florida 3 |
|